MID
SOUTH BEND CUBS @ HARTFORD YARD GOATS
08/20/2044
 
TOP OF THE 1ST
South Bend Cubs batting - Pitching for Hartford Yard Goats : LHP Steve Lima
Pitching: LHP Steve Lima
Now in RF: Jeremy Brammer
Batting: RHB Jason Ostrom 0-0: Ball
1-0: Ball
2-0: Ball
3-0: Base on Balls
Batting: RHB Mike Savage 0-0: Foul Ball, location: 2F
0-1: Ball
1-1: Ball
2-1: Called Strike
2-2: Ball
3-2: Strikes out looking
Jason Ostrom is caught stealing 2nd base 2-4
Batter strikes out.
Batting: LHB Mike DiNardo 0-0: Called Strike
0-1: Called Strike
0-2: Strikes out swinging
Top of the 1st over - 0 runs, 0 hits, 0 errors, 0 left on base; South Bend 0 - Hartford 0
BOTTOM OF THE 1ST
Hartford Yard Goats batting - Pitching for South Bend Cubs : RHP Jason Scott
Pitching: RHP Jason Scott
Batting: SHB Eddie Quinones 0-0: Ball
1-0: Swinging Strike
1-1: Ball
2-1: Ball
3-1: Foul Ball, location: 2F
3-2: Base on Balls
Batting: SHB Bobby Santor 0-0: Fly out, F3 (Popup, 3S, EV 77.5 MPH)
Batting: SHB Pete Perla 0-0: Ball
1-0: Ball
2-0: Ball
Eddie Quinones is caught stealing 2nd base 2-6
3-0: Called Strike
3-1: Ground out 4-3 (Groundball, 4, EV 78.1 MPH)
Bottom of the 1st over - 0 runs, 0 hits, 0 errors, 0 left on base; South Bend 0 - Hartford 0
TOP OF THE 2ND
South Bend Cubs batting - Pitching for Hartford Yard Goats : LHP Steve Lima
Batting: LHB Shuan-yan Wu 0-0: SINGLE (Flyball, 56D, EV 98.8 MPH)
Batting: LHB Bill Tardiff 0-0: Ball
1-0: Called Strike
1-1: Called Strike
1-2: Ball
2-2: Ball
3-2: Grounds into double play, 4-6-3 (Groundball, 4, EV 102.5 MPH)
Batting: SHB Benoît Morin 0-0: Ball
1-0: Foul Ball, location: 2F
1-1: Ball
2-1: Ball
3-1: Base on Balls
Batting: LHB Jim Polson 0-0: Ball
1-0: Foul Ball, location: 2F
1-1: Called Strike
1-2: Ball
2-2: Ball
Benoît Morin is caught stealing 2nd base 2-6
Top of the 2nd over - 0 runs, 1 hit, 0 errors, 0 left on base; South Bend 0 - Hartford 0
BOTTOM OF THE 2ND
Hartford Yard Goats batting - Pitching for South Bend Cubs : RHP Jason Scott
Batting: LHB Jeremy Brammer 0-0: Swinging Strike
0-1: Foul Ball, location: 2F
0-2: SOLO HOME RUN (Flyball, 7D, EV 105.6 MPH), Distance : 382 ft
Batting: RHB Eric Garrett 0-0: Called Strike
0-1: Ball
1-1: Foul Ball, location: 2F
1-2: SINGLE (Flyball, 89S, EV 86.9 MPH)
Batting: LHB Eddie Gonzalez 0-0: Ball
Eric Garrett steals 2nd base
1-0: Ball
Wild Pitch!
Eric Garrett to third
2-0: Ball
3-0: Called Strike
3-1: SINGLE (Line Drive, 56D, EV 95.6 MPH)
Eric Garrett scores
Pitching: RHP Daniel Sullivan
Batting: RHB Elias Urbina 0-0: Ball
1-0: Called Strike
1-1: DOUBLE (Groundball, 5L, EV 104.4 MPH)
Eddie Gonzalez to third
Batting: RHB Jerry Edmiston 0-0: SINGLE (Line Drive, 9S, EV 101.3 MPH)
Eddie Gonzalez scores
Elias Urbina to third
Runner from 3rd tries for Home, SAFE, throw by RF to home
Batting: RHB Steve Waltenbery 0-0: Ball
1-0: Ball
2-0: Ball
3-0: Base on Balls
Jerry Edmiston to second
Batting: SHB Eddie Quinones 0-0: Ball
1-0: Ground out 4-3 (Groundball, 34D, EV 100.0 MPH)
Jerry Edmiston to third
Steve Waltenbery to second
Batting: SHB Bobby Santor 0-0: Foul Ball, location: 2F
0-1: Called Strike
0-2: Strikes out swinging
Batting: SHB Pete Perla 0-0: Swinging Strike
0-1: Ball
Passed Ball!
Jerry Edmiston scores
Steve Waltenbery to third
1-1: Foul Ball, location: 2F
1-2: Ball
2-2: Foul Ball, location: 2F
2-2: Foul Ball, location: 2F
2-2: Foul Ball, location: 2F
2-2: Foul Ball, location: 2F
2-2: Ball
3-2: Base on Balls
Pitching: LHP Andres Lobato
Batting: LHB Jeremy Brammer 0-0: Ball
1-0: Swinging Strike
1-1: Swinging Strike
1-2: Ball
2-2: Strikes out swinging
Bottom of the 2nd over - 5 runs, 5 hits, 0 errors, 2 left on base; South Bend 0 - Hartford 5
TOP OF THE 3RD
South Bend Cubs batting - Pitching for Hartford Yard Goats : LHP Steve Lima
Batting: LHB Jim Polson 0-0: Swinging Strike
0-1: Foul Ball, location: 2F
0-2: Ball
1-2: Ball
2-2: Foul Ball, location: 2F
2-2: Strikes out swinging
Batting: RHB Omar Novoa 0-0: Ball
1-0: Called Strike
1-1: Fly out, F7 (Flyball, 7LD, EV 93.1 MPH)
Batting: SHB Alvaro Andrade 0-0: Ball
1-0: Foul Ball, location: 2F
1-1: Foul Ball, location: 2F
1-2: Foul Ball, location: 2F
1-2: Foul Ball, location: 2F
1-2: Ground out 5-3 (Groundball, 56, EV 90.6 MPH)
Top of the 3rd over - 0 runs, 0 hits, 0 errors, 0 left on base; South Bend 0 - Hartford 5
BOTTOM OF THE 3RD
Hartford Yard Goats batting - Pitching for South Bend Cubs : LHP Andres Lobato
Batting: RHB Eric Garrett 0-0: Ball
1-0: Called Strike
1-1: Called Strike
1-2: Foul Ball, location: 2F
1-2: Ball
2-2: Ball
3-2: Base on Balls
Batting: LHB Eddie Gonzalez 0-0: Foul Ball, location: 2F
0-1: Ball
1-1: Called Strike
1-2: DOUBLE (Line Drive, 9LM, EV 113.8 MPH)
Eric Garrett to third
Pitching: RHP Eric Allen
Batting: RHB Elias Urbina 0-0: Ball
1-0: Ball
2-0: Ball
3-0: Base on Balls
Batting: RHB Jerry Edmiston 0-0: Ball
1-0: Called Strike
1-1: Ball
2-1: Grounds into double play, 3-6-3 (Groundball, 3, EV 110.6 MPH)
Eric Garrett scores
Eddie Gonzalez to third
Batting: RHB Steve Waltenbery 0-0: Ball
1-0: Called Strike
1-1: Ball
Wild Pitch!
Eddie Gonzalez scores
2-1: Ball
3-1: Foul Ball, location: 2F
3-2: Foul Ball, location: 2F
3-2: Foul Ball, location: 2F
3-2: Ground out 5-3 (Groundball, 5S, EV 76.9 MPH)
Bottom of the 3rd over - 2 runs, 1 hit, 0 errors, 0 left on base; South Bend 0 - Hartford 7
TOP OF THE 4TH
South Bend Cubs batting - Pitching for Hartford Yard Goats : LHP Steve Lima
Batting: RHB Jason Ostrom 0-0: Called Strike
0-1: Ball
1-1: Ball
2-1: Ball
3-1: Base on Balls
Batting: RHB Mike Savage 0-0: Called Strike
0-1: Ball
1-1: Foul Ball, location: 2F
1-2: Ball
Jason Ostrom steals 2nd base (no throw)
2-2: Strikes out swinging, 2-3 out at first.
Batting: LHB Mike DiNardo 0-0: Ball
1-0: Foul Ball, location: 2F
1-1: Swinging Strike
1-2: Ball
2-2: Strikes out swinging
Batting: LHB Shuan-yan Wu 0-0: Ball
1-0: Ball
2-0: DOUBLE (Line Drive, 7LS, EV 103.1 MPH)
Jason Ostrom scores
Batting: LHB Bill Tardiff 0-0: Ball
1-0: Ball
2-0: Swinging Strike
2-1: Ball
3-1: Base on Balls
Batting: SHB Benoît Morin 0-0: Foul Ball, location: 2F
0-1: Ball
1-1: Foul Ball, location: 2F
1-2: Strikes out swinging
Top of the 4th over - 1 run, 1 hit, 0 errors, 2 left on base; South Bend 1 - Hartford 7
BOTTOM OF THE 4TH
Hartford Yard Goats batting - Pitching for South Bend Cubs : RHP Eric Allen
Batting: SHB Eddie Quinones 0-0: Swinging Strike
0-1: SINGLE (Groundball, 5D, EV 96.3 MPH)
Batting: SHB Bobby Santor 0-0: SINGLE (Line Drive, 8LS, EV 95.0 MPH)
Eddie Quinones to second
Runner from 2nd tries for 3rd, SAFE, throw by CF made to third
Batting: SHB Pete Perla 0-0: Fielders Choice at 2nd, 6-4 (Groundball, 6, EV 84.4 MPH)
Eddie Quinones scores
Batting: LHB Jeremy Brammer 0-0: Ball
1-0: Ball
2-0: Ball
3-0: Called Strike
3-1: Called Strike
3-2: Strikes out swinging
Batting: RHB Eric Garrett 0-0: Ball
1-0: Ball
2-0: Called Strike
2-1: Foul Ball, location: 2F
2-2: Ball
3-2: Base on Balls
Pete Perla to second
Batting: LHB Eddie Gonzalez 0-0: Ball
1-0: Called Strike
1-1: Foul Ball, location: 2F
1-2: Foul Ball, location: 2F
1-2: Hit by Pitch
Pete Perla to third
Eric Garrett to second
Batting: RHB Elias Urbina 0-0: Ball
1-0: Ball
2-0: Called Strike
2-1: Ball
3-1: Called Strike
3-2: GRAND SLAM HOME RUN (Line Drive, 8RXD, EV 115.0 MPH), Distance : 423 ft
Pitching: LHP Andy Bordeaux
Batting: RHB Jerry Edmiston 0-0: Called Strike
0-1: Foul Ball, location: 2F
0-2: Ball
1-2: Ball
2-2: Foul Ball, location: 2F
2-2: Strikes out looking
Bottom of the 4th over - 5 runs, 3 hits, 0 errors, 0 left on base; South Bend 1 - Hartford 12
TOP OF THE 5TH
South Bend Cubs batting - Pitching for Hartford Yard Goats : LHP Steve Lima
Batting: LHB Jim Polson 0-0: Called Strike
0-1: Called Strike
0-2: Ground out 2-3 (Groundball, 2L, EV 70.0 MPH)
Batting: RHB Omar Novoa 0-0: Ball
1-0: Ground out 5-3 (Groundball, 56S, EV 86.3 MPH)
Batting: SHB Alvaro Andrade 0-0: Foul Ball, location: 2F
0-1: Ball
1-1: Called Strike
1-2: Strikes out looking
Top of the 5th over - 0 runs, 0 hits, 0 errors, 0 left on base; South Bend 1 - Hartford 12
BOTTOM OF THE 5TH
Hartford Yard Goats batting - Pitching for South Bend Cubs : LHP Andy Bordeaux
Batting: RHB Steve Waltenbery 0-0: Ground out 4-3 (Groundball, 4, EV 93.1 MPH)
Batting: SHB Eddie Quinones 0-0: Called Strike
0-1: Foul Ball, location: 2F
0-2: Ball
1-2: DOUBLE (Line Drive, 5D, EV 101.9 MPH)
Batting: SHB Bobby Santor 0-0: Called Strike
0-1: Ball
1-1: Ball
Balk!
Eddie Quinones to third
2-1: Swinging Strike
2-2: Ball
3-2: Base on Balls
Batting: SHB Pete Perla 0-0: Foul Ball, location: 2F
0-1: Ball
1-1: Grounds into double play, 6-4-3 (Groundball, 6, EV 105.6 MPH)
Bottom of the 5th over - 0 runs, 1 hit, 0 errors, 1 left on base; South Bend 1 - Hartford 12
TOP OF THE 6TH
South Bend Cubs batting - Pitching for Hartford Yard Goats : LHP Steve Lima
Batting: RHB Jason Ostrom 0-0: Ball
1-0: Ball
2-0: Foul Ball, location: 2F
2-1: Foul Ball, location: 2F
2-2: Ball
3-2: SINGLE (Groundball, 6MD, EV 96.3 MPH)
Pitching: RHP Tony Barragan
Batting: RHB Mike Savage 0-0: Called Strike
Jason Ostrom is caught stealing 2nd base 2-4
0-1: Foul Ball, location: 2F
0-2: Ball
1-2: Fly out, F3 (Line Drive, 3, EV 71.9 MPH)
Batting: LHB Mike DiNardo 0-0: Ball
1-0: Called Strike
1-1: Ball
2-1: Foul Ball, location: 2F
2-2: Fly out, F9 (Flyball, 9LM, EV 86.3 MPH)
Top of the 6th over - 0 runs, 1 hit, 0 errors, 0 left on base; South Bend 1 - Hartford 12
BOTTOM OF THE 6TH
Hartford Yard Goats batting - Pitching for South Bend Cubs : LHP Andy Bordeaux
Pitching: RHP John Madden
Batting: LHB Jeremy Brammer 0-0: Swinging Strike
0-1: Swinging Strike
0-2: Strikes out swinging
Batting: RHB Eric Garrett 0-0: Foul Ball, location: 2F
0-1: SOLO HOME RUN (Flyball, 7LD, EV 97.5 MPH), Distance : 347 ft
Batting: LHB Eddie Gonzalez 0-0: Ball
1-0: Ground out 3-1 (Groundball, 34, EV 80.6 MPH)
Batting: RHB Elias Urbina 0-0: Ball
1-0: Called Strike
1-1: Ball
2-1: Ball
3-1: Called Strike
3-2: Foul Ball, location: 2F
3-2: Foul Ball, location: 2F
3-2: SINGLE (Groundball, 25, EV 70.6 MPH) (infield hit)
Batting: RHB Jerry Edmiston 0-0: Ball
1-0: Ball
2-0: Ball
3-0: Base on Balls
Elias Urbina to second
Pitching: RHP Gavrel Godziashvili
Batting: RHB Steve Waltenbery 0-0: Ball
1-0: Ball
2-0: Ball
3-0: Called Strike
3-1: Foul Ball, location: 2F
3-2: Base on Balls
Elias Urbina to third
Jerry Edmiston to second
Batting: SHB Eddie Quinones 0-0: Foul Ball, location: 2F
0-1: SINGLE (Groundball, 6MD, EV 104.4 MPH)
Elias Urbina scores
Jerry Edmiston to third
Steve Waltenbery to second
Throwing error, E8
Jerry Edmiston scores
Steve Waltenbery to third
Eddie Quinones to second
Batting: SHB Bobby Santor 0-0: Called Strike
0-1: Ball
1-1: Swinging Strike
1-2: Ball
2-2: Strikes out swinging
Bottom of the 6th over - 3 runs, 3 hits, 1 error, 2 left on base; South Bend 1 - Hartford 15
TOP OF THE 7TH
South Bend Cubs batting - Pitching for Hartford Yard Goats : RHP Tony Barragan
Batting: LHB Shuan-yan Wu 0-0: Ball
1-0: Ball
2-0: Fly out, F8 (Line Drive, 8RM, EV 110.0 MPH)
Batting: LHB Bill Tardiff 0-0: Called Strike
0-1: Ball
1-1: Foul Ball, location: 2F
1-2: Strikes out swinging
Batting: SHB Benoît Morin 0-0: Swinging Strike
0-1: Called Strike
0-2: Strikes out swinging
Top of the 7th over - 0 runs, 0 hits, 0 errors, 0 left on base; South Bend 1 - Hartford 15
BOTTOM OF THE 7TH
Hartford Yard Goats batting - Pitching for South Bend Cubs : RHP Gavrel Godziashvili
Batting: SHB Pete Perla 0-0: Swinging Strike
0-1: Swinging Strike
0-2: Foul Ball, location: 2F
0-2: Foul Ball, location: 2F
0-2: Ball
1-2: Ground out 1-3 (Groundball, 15, EV 71.9 MPH)
Pitching: LHP Jose Carrillo
Batting: LHB Jeremy Brammer 0-0: Foul Ball, location: 2F
0-1: Called Strike
0-2: Ball
1-2: Ball
2-2: Strikes out swinging
Batting: RHB Eric Garrett 0-0: SINGLE (Groundball, 56D, EV 103.1 MPH)
Batting: LHB Eddie Gonzalez 0-0: Foul Ball, location: 2F
0-1: Called Strike
0-2: Ball
1-2: Fielders Choice at 2nd, 6-4 (Groundball, 6, EV 85.6 MPH)
Bottom of the 7th over - 0 runs, 1 hit, 0 errors, 1 left on base; South Bend 1 - Hartford 15
TOP OF THE 8TH
South Bend Cubs batting - Pitching for Hartford Yard Goats : RHP Tony Barragan
Batting: LHB Jim Polson 0-0: Ball
1-0: Ball
2-0: Foul Ball, location: 2F
2-1: Foul Ball, location: 2F
2-2: Strikes out swinging, 2-3 out at first.
Pitching: LHP Ryan Morlan
Batting: RHB Omar Novoa 0-0: Called Strike
0-1: Called Strike
0-2: Foul Ball, location: 2F
0-2: Strikes out looking
Batting: SHB Alvaro Andrade 0-0: Ball
1-0: Ball
2-0: Foul Ball, location: 2F
2-1: Foul Ball, location: 2F
2-2: Foul Ball, location: 2F
2-2: Foul Ball, location: 2F
2-2: Ball
3-2: Ground out 5-3 (Groundball, 56, EV 88.8 MPH)
Top of the 8th over - 0 runs, 0 hits, 0 errors, 0 left on base; South Bend 1 - Hartford 15
BOTTOM OF THE 8TH
Hartford Yard Goats batting - Pitching for South Bend Cubs : LHP Jose Carrillo
Batting: RHB Elias Urbina 0-0: Ball
1-0: SOLO HOME RUN (Line Drive, 7D, EV 100.0 MPH), Distance : 381 ft
Batting: RHB Jerry Edmiston 0-0: Ball
1-0: DOUBLE (Flyball, 8RXD, EV 110.0 MPH)
Batting: RHB Steve Waltenbery 0-0: Called Strike
0-1: Called Strike
0-2: Ball
1-2: Strikes out swinging, 2-3 out at first.
Pitching: RHP Jean-Paul Lefebvre
Batting: SHB Eddie Quinones 0-0: Fly out, F8 (Line Drive, 8LM, EV 84.4 MPH)
Batting: SHB Bobby Santor 0-0: Called Strike
0-1: Swinging Strike
0-2: Ball
1-2: Ball
2-2: Strikes out swinging
Bottom of the 8th over - 1 run, 2 hits, 0 errors, 1 left on base; South Bend 1 - Hartford 16
TOP OF THE 9TH
South Bend Cubs batting - Pitching for Hartford Yard Goats : LHP Ryan Morlan
Batting: RHB Jason Ostrom 0-0: Called Strike
0-1: Swinging Strike
0-2: Foul Ball, location: 2F
0-2: Ball
1-2: Ball
2-2: Foul Ball, location: 2F
2-2: Foul Ball, location: 2F
2-2: Strikes out looking
Batting: RHB Mike Savage 0-0: Foul Ball, location: 2F
0-1: Foul Ball, location: 2F
0-2: Ball
1-2: Strikes out looking
Batting: LHB Mike DiNardo 0-0: Ball
1-0: Ball
2-0: Ball
3-0: Called Strike
3-1: Base on Balls
Batting: LHB Shuan-yan Wu 0-0: Ball
1-0: Called Strike
1-1: Foul Ball, location: 2F
1-2: Ball
2-2: Ball
3-2: Foul Ball, location: 2F
3-2: Base on Balls
Mike DiNardo to second
Pitching: LHP Greg Burngooch
Batting: LHB Bill Tardiff 0-0: Called Strike
0-1: Foul Ball, location: 2F
0-2: Ball
1-2: Strikes out swinging
Top of the 9th over - 0 runs, 0 hits, 0 errors, 2 left on base; South Bend 1 - Hartford 16
Thursday, March 31st , 2022 - OOTP Baseball 22.12 Build 89